Construct Infanterie Kompanie
Selects Italian Coastal Battlegroup
Construct Panzergrenadier Kompanie
Nebelwerfer 42 Rocket Launcher Team
Nebelwerfer 42 Rocket Launcher Team
Pak 40 Anti-tank Gun Team
Selects Artillery Officer
Pak 40 Anti-tank Gun Team
Nebelwerfer 42 Rocket Launcher Team
Selects Obice da 210/22 Artillery Emplacement
Construct Panzer Kompanie
Selects Designated Artillery Overwatch
Selects Call the Reserves!